 Dungeon Crawl Stone Soup version 0.27-a0-170-g607d9e9d85 (webtiles) character file.

Game seed: 12356730719177251915

127 septik the Chopper (level 4, 0/41 HPs)
             Began as a Minotaur Berserker on Jan 28, 2021.
             Was a Believer of Trog.
             Slain by an orc priest
             ... wielding a +0 dagger
              (2 damage)
             ... on level 3 of the Dungeon.
             The game lasted 00:03:22 (2041 turns).

septik the Chopper (Minotaur Berserker)             Turns: 2041, Time: 00:03:23

Health: 0/41       AC:  9    Str: 23    XL:     4   Next: 85%
Magic:  2/2        EV:  9    Int:  4    God:    Trog [**....]
Gold:   113        SH:  0    Dex:  9    Spells: 3/3 levels left

rFire    . . .     SeeInvis .   a - +0 hand axe
rCold    . . .     Faith    .   (no shield)
rNeg     . . .     Spirit   .   j - +0 chain mail (curse)
rPois    .         Reflect  .   (helmet restricted)
rElec    .         Harm     .   (no cloak)
rCorr    .         Rampage  .   (no gloves)
Will     .....                  (no boots)
Stlth    ..........             (no amulet)
HPRegen  0.13/turn              (no ring)
MPRegen  0.08/turn              (no ring)

@: no status effects
A: retaliatory headbutt, horns 2, talons 1, low mp 1, evolution 1
a: Renounce Religion, Berserk, Trog's Hand


You were on level 3 of the Dungeon.
You worshipped Trog.
Trog was pleased with you.
You visited 1 branch of the dungeon, and saw 3 of its levels.

You collected 113 gold pieces.

Inventory:

Hand Weapons
 a - a +0 hand axe (weapon)
 i - a +0 hunting sling
Missiles
 e - 139 stones (quivered)
Armour
 b - a +0 animal skin
 j - a cursed +0 chain mail (worn)
Jewellery
 k - an uncursed amulet of magic regeneration {unknown}
 m - an uncursed ring of see invisible {unknown}
Scrolls
 d - 3 scrolls of remove curse {unknown}
 f - a scroll of identify {unknown}
 g - 2 scrolls of magic mapping {unknown}
 h - a scroll of enchant armour {unknown}
 l - a scroll of amnesia {unknown}
 o - a scroll of teleportation {unknown}
Potions
 n - a potion of degeneration {unknown}
 p - a potion of curing {unknown}


   Skills:
 + Level 4.4 Fighting
 * Level 5.1 Axes
 + Level 3.4 Armour
 + Level 3.2 Dodging


You had 3 spell levels left.
You didn't know any spells.
Your spell library contained the following spells:

 Spells                   Type           Power        Failure   Level
 Corona                   Hex            0%           99%         1
 Ensorcelled Hibernation  Hex/Ice        0%           100%        2
 Confusing Touch          Hex            0%           100%        3
 Dazzling Flash           Conj/Hex       0%           100%        3
 Tukima's Dance           Hex            0%           100%        3


Dungeon Overview and Level Annotations

Branches:
Dungeon (3/15)

Altars:


Innate Abilities, Weirdness & Mutations

You reflexively headbutt those who attack you in melee.
You have a pair of horns on your head.
You have sharp toenails.
Your magical capacity is low. (-10% MP)
You evolve.


Message History

You hear a shout!
The orc priest hits you but does no damage.
You hit the orc priest.
The orc priest is heavily wounded.
The orc priest hits you but does no damage.
You closely miss the orc priest.
The orc priest is heavily wounded.
The orc priest hits you but does no damage.
You completely miss the orc priest. Your headbutt misses the orc priest.
The orc priest is heavily wounded.
The orc priest barely misses you.
The orc wizard gestures wildly while chanting.
The orc wizard seems to speed up.
The orc priest hits you but does no damage.
Unknown command.
It was a potion of mutation.
You feel extremely strange.
You feel less energetic.
Your toenails lengthen and sharpen.
You feel nature experimenting on you.
Don't worry, failures die fast.
The orc priest hits you with a +0 dagger.
You die...

### .o# # # #l# .######.
.## #o# .......###.# #@#
. #..#..#####.####..
...###.#.#.#............
...........#.###.####...
...###.#...#.# #.# ..
#.#..(..###.## #.
#.#.#......>...
#.###.#.........###
#.....###########


You could see an orc priest, an orc wizard (fast) and a frilled lizard.

Vanquished Creatures
  An orc wizard (D:3)
  3 adders (D:2)
  A worm (D:2)
  2 dart slugs (D:1)
  A leopard gecko (D:1)
  5 orcs (D:3)
  3 giant cockroaches
  8 goblins
  5 hobgoblins
  8 jackals
  6 kobolds
  A quokka (D:2)
  2 bats (D:1)
  3 frilled lizards
  10 rats
59 creatures vanquished.

Notes
Turn   | Place    | Note
-------+----------+-------------------------------------------
     0 | D:1      | septik the Minotaur Berserker began the quest for the Orb.
     0 | D:1      | Reached XP level 1. HP: 19/19 MP: 0/0
   177 | D:1      | Reached XP level 2. HP: 27/27 MP: 1/1
   224 | D:1      | Reached skill level 4 in Axes
   502 | D:1      | Reached ** piety under Trog
   824 | D:1      | Reached XP level 3. HP: 32/33 MP: 2/2
  1392 | D:2      | Reached XP level 4. HP: 40/40 MP: 3/3
  2035 | D:3      | Reached skill level 5 in Axes
  2036 | D:3      | HP: 1/41 [orc priest/divine providence (14)]
  2041 | D:3      | Gained mutation: Your magical capacity is low. (-10% MP)
                  | [potion of mutation]
  2041 | D:3      | Gained mutation: You have sharp toenails. [potion of
                  | mutation]
  2041 | D:3      | Gained mutation: You evolve. [potion of mutation]
  2041 | D:3      | Slain by an orc priest

Illustrated notes

Levels and vault maps discovered:
D:1:      dpeg_arrival_court, layout_basic, st_stairs_3
D:2:      minmay_general_purpose_star, layout_basic
D:3:      layout_loops_ring, chequers_temple_overflow_statue_of_worship,
          uniq_sigmund

Skill      XL: |  1  2  3  4 |
---------------+-------------+-----
Axes           | 4 5 |  5.1
Fighting       | 4 |  4.4
Armour         | 3 |  3.4
Dodging        | 3 |  3.2

Action                   |  1- 3 |  4- 6 || total
-------------------------+-------+-------++-------
Melee: Hand axe          |    79 |    42 ||   121
       Headbutt          |     8 |     7 ||    15
Throw: Stone             |    32 |       ||    32
  Use: Potion            |       |     1 ||     1
Armor: Animal skin       |    10 |       ||    10
       Chain mail        |    22 |    23 ||    45
Dodge: Dodged            |    52 |    19 ||    71

Table legend: (Time is in decaauts)
 A = Elapsed time spent in this place.
 B = Non-inter-level travel time spent in this place.
 C = Inter-level travel time spent in this place.
 D = Time resting spent in this place.
 E = Time spent auto-exploring this place.
 F = Levels seen in this place.
 G = Mean time per level.
                   A        B        C        D        E       F      G
               +--------+--------+--------+--------+--------+-----+--------+
         Total |   2053 |   1998 |     55 |      0 |   1679 |   3 |  684.3 |
       Dungeon |   2053 |   1998 |     55 |      0 |   1679 |   3 |  684.3 |
               +--------+--------+--------+--------+--------+-----+--------+

Top non-repeatable levels by time:
     D:1: 984 daAuts
     D:2: 963 daAuts
     D:3: 105 daAuts
